 Dungeon Crawl Stone Soup version 0.31.0-9-g3a7656b989 (webtiles) character file.

Game seed: 17934055280035712687

2309 qw the Skirmisher (level 9, 0/44 HPs)
             Began as a Spriggan Hunter on Feb 2, 2024.
             Was a Follower of Okawaru.
             Killed by divine providence
             ... invoked by an orc priest
              (13 damage)
             ... on level 7 of the Dungeon.
             The game lasted 00:00:36 (5488 turns).

qw the Skirmisher (Spriggan Hunter)                 Turns: 5488, Time: 00:00:37

Health: 0/44       AC:  2    Str:  5 (7)  XL:     9   Next: 18%
Magic:  10/12      EV: 30    Int:  9 (11) God:    Okawaru [*.....]
Gold:   248        SH:  0    Dex: 22      Spells: 8/8 levels left

rFire   . . .        m - +0 orcbow
rCold   . . .        (shield currently unavailable)
rNeg    . . .        c - +0 robe
rPois   .            (helmet restricted)
rElec   .            (no cloak)
rCorr   .            (gloves unavailable)
SInv    +            (boots unavailable)
Will    ++...        (no amulet)
Stlth   ++++         f - ring of willpower
HPRegen 0.27/turn    (no ring)
MPRegen 0.13/turn

%: no passive effects
@: heroic, very quick
A: very small, no large weapons, unfitting armour, see invisible, speed 3
a: Renounce Religion, Heroism


You were on level 7 of the Dungeon.
You worshipped Okawaru.
Okawaru was aware of your devotion.
You visited 2 branches of the dungeon, and saw 8 of its levels.

You collected 282 gold pieces.
You spent 34 gold pieces at shops.


Innate Abilities, Weirdness & Mutations

You are very small and have problems with some larger weapons.
You are too small for most types of armour.
You have supernaturally acute eyesight. (SInv)
You cover ground extremely quickly. (Speed+++)


   Skills:
 - Level 3.3(8.3) Fighting
 + Level 9.7(14.7) Ranged Weapons
 - Level 9.0(14.0) Dodging
 - Level 1.5(6.5) Stealth
 + Level 3.8 Invocations


You had 8 spell levels left.
You didn't know any spells.
Your spell library was empty.

Inventory:

Hand Weapons
 m - a +0 orcbow (weapon)
Armour
 c - a +0 robe (worn)
Jewellery
 f - a ring of willpower (left hand)
Potions
 d - 4 potions of curing
 e - a potion of heal wounds {unknown}
 g - a potion of resistance
 h - a potion of mutation {unknown}
 j - a potion of enlightenment {unknown}
 l - 3 potions of might

Dungeon Overview and Level Annotations

Branches:
Dungeon (7/15)             Temple (1/1) D:5

Altars:
Ashenzari
Cheibriados
Dithmenos
Elyvilon
Fedhas
Hepliaklqana
Nemelex Xobeh
Okawaru
Qazlal
Ru
Trog
Uskayaw
Wu Jian
Xom
Yredelemnul
Zin
The Shining One
Lugonu

Shops:
D:1 =!*

Annotations:
D:4 exclusion: oklob plant
D:5 1 transporter, 1 runed translucent door, Crazy Yiuf; qw's ghost, novice DjHu


Message History

You shoot an arrow. The arrow hits the black bear!
The black bear is almost dead.
The orc priest looks encouraged for a moment.
The black bear goes berserk!
The orc wizard casts a spell.
The orc wizard flickers and vanishes for a moment.
5481 ||| INVOKING Heroism.
You gain the combat prowess of a mighty hero.
The black bear bites you but does no damage.
The black bear misses you.
The black bear completely misses you. x2
The black bear misses you. The black bear completely misses you.
You shoot an arrow. The arrow hits the black bear.
You kill the black bear!
Okawaru accepts your kill.
You feel your dexterity returning.
You shoot an arrow. The arrow hits the orc priest.
The orc priest is lightly wounded.
You shoot an arrow.
The arrow closely misses the orc wizard.
The arrow closely misses the orc priest.
You shoot an arrow. The arrow barely misses the orc wizard.
The arrow hits the orc priest but does no damage.
The orc priest is lightly wounded.
You shoot an arrow. The arrow hits the orc wizard!
The orc wizard is almost dead.
The orc wizard misses you.
The orc priest invokes the aid of Beogh against you.
Beogh smites you!
You shoot an arrow. The arrow barely misses the orc wizard.
The arrow hits the orc priest but does no damage.
The orc priest is lightly wounded.
The orc wizard points at you and mumbles some strange words.
The magic dart hits you!
You shoot an arrow. The arrow barely misses the orc wizard.
The arrow hits the orc priest!
The orc priest is severely wounded.
The orc wizard completely misses you.
The orc priest calls down the wrath of Beogh upon you.
Beogh smites you!
You die...

#### #### #... .....
#(## ......############
#.## ?....oo@........>#
#.##
......##########.####.##
..... #........## ...)
#.......... ...
#....###### .. #....####
. #.......# #...<...#
#.......#


You could see an orc priest and an orc wizard (invisible).

Vanquished Creatures
  Grinder (D:5)
  A water moccasin (D:7)
  Duvessa (D:4)
  A sky beast (D:6)
  2 black bears
  An ice beast (D:6)
  3 ogres
  A centaur (D:5)
  A phantom (D:6)
  A bullfrog (D:5)
  Blork the orc (D:4)
  4 scorpions (D:5)
  Dowan (D:4)
  2 howler monkeys (D:6)
  3 jellies
  A bombardier beetle (D:6)
  2 hounds
  2 orc priests (D:6)
  3 iguanas
  3 sleepcaps
  2 orc wizards
  4 gnolls (D:4)
  9 adders
  2 dart slugs (D:2)
  A ribbon worm (D:4)
  13 orcs
  11 endoplasms
  3 giant cockroaches
  5 goblins
  8 hobgoblins
  6 jackals
  12 kobolds
  3 quokkas
  6 ball pythons
  5 bats
  2 rats
127 creatures vanquished.

Vanquished Creatures (others)
  A ribbon worm (D:4)
  A goblin (D:4)
  A hobgoblin (D:4)
3 creatures vanquished.

Grand Total: 130 creatures vanquished

Notes
Turn   | Place    | Note
-------+----------+-------------------------------------------
     0 | D:1      | qw the Spriggan Hunter began the quest for the Orb.
     0 | D:1      | Reached XP level 1. HP: 10/10 MP: 2/2
     0 | D:1      | 0 ||| qw: Version: 0.3-a-155-g5e7d8dd
     0 | D:1      | 0 ||| qw: Game counter: 722
     0 | D:1      | 0 ||| qw: Melee chars always use a shield: true
     0 | D:1      | 0 ||| qw: God list: Okawaru
     0 | D:1      | 0 ||| qw: Allow faded altars: false
     0 | D:1      | 0 ||| qw: Do Orc after clearing Dungeon:15 true
     0 | D:1      | 0 ||| qw: Do second Lair branch before Depths: true
     0 | D:1      | 0 ||| qw: Lair rune preference: random
     0 | D:1      | 0 ||| qw: Goals: Normal
     0 | D:1      | 0 ||| PLANNING D:1-11
    25 | D:1      | Reached skill level 3 in Dodging
    39 | D:1      | Found Nacehegud's Assorted Antiques.
    58 | D:1      | 58 ||| BUYING cyan potion (17 gold).
    58 | D:1      | Bought a cyan potion for 17 gold pieces
    58 | D:1      | 58 ||| BUYING fizzy cyan potion (17 gold).
    58 | D:1      | Bought a fizzy cyan potion for 17 gold pieces
    58 | D:1      | 58 ||| SHOPLISTING glowing green potion (17 gold, have 7).
    58 | D:1      | 58 ||| SHOPLISTING ivory wand (76 gold, have 7).
    58 | D:1      | 58 ||| SHOPLISTING runed cloak (142 gold, have 7).
    58 | D:1      | 58 ||| SHOPLISTING scroll labelled JAJIUL YSCHIU (19 gold,
                  | have 7).
    95 | D:1      | Reached XP level 2. HP: 14/14 MP: 3/3
   202 | D:1      | Found Qour's Jewellery Boutique.
   207 | D:1      | 207 ||| SHOPLISTING +4 ring of slaying (936 gold, have 22).
   207 | D:1      | 207 ||| SHOPLISTING +6 ring of strength (432 gold, have
                  | 22).
   207 | D:1      | 207 ||| SHOPLISTING amulet of faith (480 gold, have 22).
   207 | D:1      | 207 ||| SHOPLISTING ring of positive energy (240 gold, have
                  | 22).
   207 | D:1      | 207 ||| SHOPLISTING ring of protection from cold (300 gold,
                  | have 22).
   261 | D:1      | Found Jelerr's Distillery.
   266 | D:1      | 266 ||| SHOPLISTING 2 potions of heal wounds (130 gold,
                  | have 22).
   266 | D:1      | 266 ||| SHOPLISTING potion of cancellation (104 gold, have
                  | 22).
   371 | D:1      | 371 ||| READING scroll labelled NOLONA ZEREF.
   372 | D:1      | 372 ||| READING scroll labelled JAJIUL YSCHIU.
   376 | D:1      | 376 ||| READING 2 scrolls labelled BEENAC HUOGE.
   376 | D:1      | 376 ||| IDENTIFYING fizzy inky potion
   377 | D:1      | 377 ||| READING scroll of identify.
   377 | D:1      | 377 ||| IDENTIFYING 2 fizzy cyan potions
   378 | D:1      | 378 ||| READING scroll labelled JEICIH XOWN.
   378 | D:1      | 378 ||| ENCHANTING +0 shortbow.
   379 | D:1      | 379 ||| DRINKING 4 cyan potions.
   380 | D:1      | 380 ||| DRINKING 2 viscous pink potions.
   381 | D:1      | 381 ||| DRINKING 2 amethyst potions.
   382 | D:1      | 382 ||| DROPPING scroll of butterflies.
   383 | D:1      | 383 ||| DROPPING 2 potions of lignification.
   384 | D:1      | 384 ||| DROPPING potion of ambrosia.
   430 | D:2      | Reached XP level 3. HP: 18/18 MP: 4/4
   453 | D:2      | Found a faded altar of an unknown god.
  1066 | D:2      | 1066 ||| DRINKING 4 potions of curing.
  1066 | D:2      | 1066 ||| (to cure poison)
  1233 | D:2      | 1233 ||| READING scroll labelled IMMUZX HUUC.
  1234 | D:2      | 1234 ||| READING scroll labelled QIACKY EKLOH.
  1254 | D:3      | 1254 ||| STAIRDANCE
  1260 | D:2      | Reached XP level 4. HP: 6/22 MP: 5/5
  1636 | D:3      | Found an ornate altar of the Wu Jian Council.
  1888 | D:3      | 1888 ||| READING scroll of identify.
  1888 | D:3      | 1888 ||| IDENTIFYING glowing green potion
  1889 | D:3      | 1889 ||| READING scroll labelled XURPHY RAUPN.
  1990 | D:3      | 1990 ||| DROPPING potion of magic.
  2081 | D:4      | Reached XP level 5. HP: 26/26 MP: 6/6
  2118 | D:4      | You fall into a shaft and drop 3 floors!
  2159 | D:7      | 2159 ||| READING scroll labelled WASIOT UKAISAY.
  2175 | D:5      | Entered Level 5 of the Dungeon
  2216 | D:5      | 2216 ||| DROPPING ring of flight.
  2254 | D:4      | Found a white marble altar of Elyvilon.
  2271 | D:4      | Noticed Duvessa
  2272 | D:4      | 2272 ||| ZAPPING wand of flame (21) at -4,7 (Duvessa;
                  | floor).
  2273 | D:4      | Noticed Dowan
  2274 | D:4      | 2274 ||| ZAPPING wand of flame (20) at -5,5 (Duvessa;
                  | floor).
  2277 | D:4      | 2277 ||| ZAPPING wand of flame (19) at -5,4 (Duvessa;
                  | floor).
  2278 | D:4      | 2278 ||| ZAPPING wand of flame (18) at -5,3 (Duvessa;
                  | floor).
  2279 | D:4      | 2279 ||| ZAPPING wand of flame (17) at -4,2 (Duvessa;
                  | floor).
  2280 | D:4      | 2280 ||| ZAPPING wand of flame (16) at -3,1 (Duvessa;
                  | floor).
  2281 | D:4      | 2281 ||| ZAPPING wand of flame (15) at -2,0 (Duvessa;
                  | floor).
  2282 | D:4      | 2282 ||| ZAPPING wand of flame (14) at -1,0 (Duvessa;
                  | floor).
  2283 | D:4      | 2283 ||| ZAPPING wand of flame (13) at -1,0 (Duvessa;
                  | floor).
  2284 | D:4      | 2284 ||| ZAPPING wand of flame (12) at -1,0 (Duvessa;
                  | floor).
  2285 | D:4      | 2285 ||| ZAPPING wand of flame (11) at -1,0 (Duvessa;
                  | floor).
  2286 | D:4      | 2286 ||| ZAPPING wand of flame (10) at -1,0 (Duvessa;
                  | floor).
  2286 | D:4      | Killed Duvessa
  2287 | D:4      | Reached skill level 6 in Ranged Weapons
  2287 | D:4      | Reached XP level 6. HP: 21/30 MP: 7/7
  2298 | D:4      | Killed Dowan
  2421 | D:4      | Found a glowing silver altar of Zin.
  2452 | D:4      | Reached skill level 6 in Dodging
  2464 | D:4      | 2464 ||| READING scroll of enchant weapon.
  2464 | D:4      | 2464 ||| ENCHANTING +1 shortbow.
  2519 | D:4      | Reached XP level 7. HP: 35/35 MP: 8/8
  2530 | D:4      | Noticed Blork the orc
  2540 | D:4      | Killed Blork the orc
  2548 | D:4      | Found a hazy altar of Hepliaklqana.
  2601 | D:4      | 2601 ||| FLEEEEING.
  2602 | D:4      | 2602 ||| FLEEEEING.
  2603 | D:4      | 2603 ||| FLEEEEING.
  2604 | D:4      | 2604 ||| FLEEEEING.
  2605 | D:4      | 2605 ||| FLEEEEING.
  2606 | D:4      | 2606 ||| FLEEEEING.
  2607 | D:4      | 2607 ||| FLEEEEING.
  2608 | D:4      | 2608 ||| FLEEEEING.
  2609 | D:4      | 2609 ||| FLEEEEING.
  2610 | D:4      | 2610 ||| FLEEEEING.
  2611 | D:4      | 2611 ||| FLEEEEING.
  2612 | D:4      | 2612 ||| FLEEEEING.
  2613 | D:4      | 2613 ||| STAIRDANCE
  2677 | D:3      | 2677 ||| UPGRADING to ring of willpower.
  2678 | D:3      | 2678 ||| READING scroll labelled QUZYILASEBB.
  2705 | D:4      | Found a shimmering altar of Xom.
  2750 | D:4      | Found a blossoming altar of Fedhas.
  2933 | D:4      | Noticed an oklob plant
  2951 | D:4      | HP: 4/35 [oklob plant/splash of acid (31)]
  2952 | D:4      | 2952 ||| READING scroll of teleportation.
  3676 | D:5      | Found a transporter.
  3677 | D:5      | Noticed qw's ghost (novice DjHu)
  3706 | D:5      | Reached skill level 3 in Fighting
  3720 | D:5      | Reached XP level 8. HP: 40/40 MP: 9/9
  3734 | D:5      | Found a staircase to the Ecumenical Temple.
  3735 | D:5      | 3735 ||| PLANNING TEMPLE
  3735 | D:5      | 3735 ||| READING scroll labelled WUCWY IMAOTI.
  3743 | Temple   | Entered the Ecumenical Temple
  3744 | Temple   | 3744 ||| PLANNING OKAWARU WORSHIP
  3758 | Temple   | Became a worshipper of Warmaster Okawaru
  3759 | Temple   | 3759 ||| PLANNING D:1-11
  3795 | D:5      | Found a runed translucent door.
  3796 | D:5      | Noticed Crazy Yiuf
  3921 | D:5      | Noticed Grinder
  3929 | D:5      | Killed Grinder
  3971 | D:5      | 3971 ||| FLEEEEING.
  3972 | D:5      | 3972 ||| FLEEEEING.
  3973 | D:5      | 3973 ||| FLEEEEING.
  3974 | D:5      | 3974 ||| FLEEEEING.
  3975 | D:5      | 3975 ||| FLEEEEING.
  3976 | D:5      | 3976 ||| FLEEEEING.
  3977 | D:5      | 3977 ||| FLEEEEING.
  3981 | D:5      | 3981 ||| FLEEEEING.
  3982 | D:5      | 3982 ||| FLEEEEING.
  3983 | D:5      | 3983 ||| FLEEEEING.
  3985 | D:5      | 3985 ||| FLEEEEING.
  3986 | D:5      | 3986 ||| FLEEEEING.
  3987 | D:5      | 3987 ||| FLEEEEING.
  3989 | D:5      | 3989 ||| FLEEEEING.
  3990 | D:5      | 3990 ||| FLEEEEING.
  3991 | D:5      | 3991 ||| FLEEEEING.
  3993 | D:5      | 3993 ||| FLEEEEING.
  3994 | D:5      | 3994 ||| FLEEEEING.
  3995 | D:5      | 3995 ||| FLEEEEING.
  3997 | D:5      | 3997 ||| FLEEEEING.
  3998 | D:5      | 3998 ||| FLEEEEING.
  3999 | D:5      | 3999 ||| FLEEEEING.
  4000 | D:5      | 4000 ||| FLEEEEING.
  4001 | D:5      | 4001 ||| FLEEEEING.
  4002 | D:5      | 4002 ||| FLEEEEING.
  4003 | D:5      | 4003 ||| FLEEEEING.
  4004 | D:5      | 4004 ||| FLEEEEING.
  4008 | D:5      | 4008 ||| FLEEEEING.
  4009 | D:5      | 4009 ||| FLEEEEING.
  4010 | D:5      | 4010 ||| FLEEEEING.
  4011 | D:5      | 4011 ||| FLEEEEING.
  4012 | D:5      | 4012 ||| FLEEEEING.
  4013 | D:5      | 4013 ||| FLEEEEING.
  4014 | D:5      | 4014 ||| FLEEEEING.
  4015 | D:5      | 4015 ||| FLEEEEING.
  4021 | D:5      | Reached skill level 9 in Ranged Weapons
  4084 | D:5      | 4084 ||| SWAPPING to +0 orcbow.
  4085 | D:5      | 4085 ||| DROPPING +2 shortbow.
  4605 | D:6      | Found a sparkling altar of Nemelex Xobeh.
  4614 | D:6      | Found a glowing golden altar of the Shining One.
  4626 | D:6      | Reached * piety under Okawaru
  4667 | D:6      | Reached skill level 1 in Invocations
  4739 | D:6      | Reached skill level 9 in Dodging
  4749 | D:6      | 4749 ||| INVOKING Heroism.
  4769 | D:6      | Found a hide-covered altar of Uskayaw.
  4794 | D:6      | Found a shadowy altar of Dithmenos.
  4936 | D:6      | Reached skill level 3 in Invocations
  4936 | D:6      | Reached XP level 9. HP: 41/44 MP: 12/12
  5139 | D:6      | HP: 4/44 [orc priest/divine providence (12)]
  5140 | D:6      | 5140 ||| READING scroll of teleportation.
  5321 | D:6      | 5321 ||| DRINKING 2 murky red potions.
  5377 | D:6      | 5377 ||| DROPPING wand of flame (9).
  5378 | D:6      | 5378 ||| DROPPING potion of degeneration.
  5481 | D:7      | 5481 ||| INVOKING Heroism.
  5488 | D:7      | Killed from afar by an orc priest

Levels and vault maps discovered:
D:1:      minmay_arrival_open_corners, layout_rooms, serial_shops, shop, shop,
          shop, minmay_box_of_dots
D:2:      layout_basic, chequers_ecumenical_altar_simple
D:3:      layout_rooms, mainiacjoe_overflow_concentric_impassable,
          serial_bayou_crossing
D:4:      layout_cave_pools, tgw_fedhas, nzn_hepliaklqana_mist_gate,
          elyvilon_altar_3, xom_confusion_cloud,
          mainiacjoe_overflow_small_starburst, hangedman_decor_points,
          roderic_serpentine_path, uniq_blork_the_orc, uniq_duvessa
D:5:      layout_loops_ring, minmay_temple_entry_purple_smoke,
          gammafunk_ghost_smash, minmay_hedge_maze, minmay_crystal_water,
          uniq_grinder, uniq_crazy_yiuf_cottage
D:6:      layout_loops_ring, lemuel_doored_altar,
          eat_drink_and_be_merry_uskayaw, mainiacjoe_overflow_large_starburst,
          due_unseen_surprise
D:7:      layout_basic, mainiacjoe_overflow_alcove_1
Temple:   corrupted_temple

Skill      XL: |  1  2  3  4  5  6  7  8 |
---------------+-------------------------+-----
Dodging        | 3 4 5 6 7 9 |  9.0
Ranged Weapons | 5 6 7 8 9 |  9.7
Fighting       | 2 3 |  3.3
Invocations    | 3 |  3.8
Stealth        | |  1.5

Action                     |  1- 3 |  4- 6 |  7- 9 || total
---------------------------+-------+-------+-------++-------
   Fire: Shortbow          |   105 |   147 |   170 ||   422
         Orcbow            |       |       |   114 ||   114
 Invoke: Heroism           |       |       |     2 ||     2
  Evoke: Wand              |       |    12 |       ||    12
    Use: Scroll            |     7 |     4 |     4 ||    15
         Potion            |     4 |       |     1 ||     5
 Armour: Robe              |    10 |    15 |    20 ||    45
  Dodge: Dodged            |    43 |    45 |    98 ||   186

Table legend:
 A = Non-vault XP
 B = Vault XP
 C = Vault XP percentage of total XP
 D = Non-vault monster count
 E = Vault monster count
 F = Vault count percentage of total count
                 A         B        C        D         E       F
            +---------+---------+-------+---------+---------+-------
      Total |    2660 |     639 |  19.4 |     114 |      15 |  11.6
            +---------+---------+-------+---------+---------+-------
        D:1 |      29 |       1 |   3.3 |      16 |       1 |   5.9
        D:2 |      73 |       0 |   0.0 |      20 |       0 |   0.0
        D:3 |      62 |       0 |   0.0 |      18 |       0 |   0.0
        D:4 |     314 |     366 |  53.8 |      23 |      13 |  36.1
        D:5 |     889 |     272 |  23.4 |      14 |       1 |   6.7
        D:6 |    1005 |       0 |   0.0 |      18 |       0 |   0.0
        D:7 |     288 |       0 |   0.0 |       5 |       0 |   0.0
            +---------+---------+-------+---------+---------+-------
